 Dungeon Crawl Stone Soup version 0.30-a0-743-gbfdf073431 (webtiles) character file.

Game seed: 11024127298634106483

127050 avis the Marksdemigod (level 15, -5/132 HPs)
             Began as a Demigod Hunter on Feb 5, 2023.
             Slain by a torpor snail (10 damage)
             ... on level 2 of the Spider Nest on Feb 6, 2023.
             The game lasted 04:11:17 (32464 turns).

avis the Marksdemigod (Demigod Hunter)             Turns: 32464, Time: 04:11:17

Health: -5/132     AC: 12    Str: 12    XL:     15   Next: 98%
Magic:  0/29       EV: 19    Int: 11    God:
Gold:   2101       SH:  0    Dex: 33    Spells: 14/16 levels left

rFire   + + .      SeeInvis .    a - +3 greatsling "Punk" {acid, rCorr}
rCold   + . .      Faith    .    (no shield)
rNeg    + . .      Spirit   +    U - +1 troll leather armour
rPois   +          Reflect  .    h - +2 hat
rElec   +          Harm     .    O - +1 cloak
rCorr   +          Rampage  .    p - +1 pair of gloves
Will    +....                    o - +0 pair of boots
Stlth   +++                      m - amulet of Ascent {Spirit rN+ Regen+ MP+9 Dex-4}
HPRegen 2.02/turn                j - +5 ring of evasion
MPRegen 0.21/turn                t - ring of Etewups {rPois rF+}

@: about to teleport, resistant, held, slowed, studying 2 skills, very slow
A: high MP 1, forlorn, divine attributes
a: no special abilities


You were on level 2 of the Spider Nest.
You visited 6 branches of the dungeon, and saw 24 of its levels.
You also visited: Bailey, Gauntlet and Ice Cave.

You collected 3106 gold pieces.
You spent 1005 gold pieces at shops.

Inventory:

Hand Weapons
 a - the +3 greatsling "Punk" (weapon) {acid, rCorr}
   (You bought it in a shop on level 3 of the Dungeon)

   rCorr:     It protects you from acid and corrosion.
 b - the +6 arbalest "Damnation" {damnation}
   (You found it in a Gauntlet)
 c - the +11 falchion "Zielyunn" {chaos, rPois SInv}
   (You found it on level 10 of the Dungeon)

   rPois:     It protects you from poison.
   SInv:      It lets you see invisible.
 n - a +0 scimitar of holy wrath
 w - a +9 demon blade of freezing
Missiles
 e - 2 throwing nets
Armour
 h - a +2 hat (worn)
 o - a +0 pair of boots (worn)
 p - a +1 pair of gloves (worn)
 O - a +1 cloak (worn)
 U - a +1 troll leather armour (worn)
Magical Staves
 i - a staff of air
Jewellery
 j - a +5 ring of evasion (left hand)
 m - the amulet of Ascent (around neck) {Spirit rN+ Regen+ MP+9 Dex-4}
   (You took it off a minotaur in a Gauntlet)

   [amulet of guardian spirit]

   It causes incoming damage to be divided between your reserves of health and
   magic.
   Dex:       It affects your dexterity (-4).
   rN:        It protects you from negative energy.
   MP:        It affects your magic capacity (+9).
   Regen:     It increases your rate of health regeneration.
 t - the ring of Etewups (right hand) {rPois rF+}
   (You found it in a Gauntlet)

   [ring of poison resistance]

   rF:        It protects you from fire.
   rPois:     It protects you from poison.
 x - a ring of protection from fire
 G - a ring of willpower
 N - a ring of flight
 S - a ring of protection from cold
Wands
 k - a wand of flame (35)
 q - a wand of light (5)
 H - a wand of polymorph (11)
 J - a wand of mindburst (17)
 K - a wand of charming (45)
 X - a wand of roots (20)
Scrolls
 l - 6 scrolls of teleportation
 y - 4 scrolls of fog
 A - 3 scrolls of fear
 C - a scroll of poison
 D - 2 scrolls of torment
 I - a scroll of amnesia
 P - a scroll of immolation
 R - a scroll of blinking
 T - a scroll of butterflies
Potions
 d - a potion of berserk rage
 g - 6 potions of curing
 r - 2 potions of haste
 s - 11 potions of brilliance
 u - 5 potions of resistance
 v - a potion of ambrosia
 z - a potion of flight
 B - 4 potions of magic
 F - 3 potions of might
 L - 2 potions of cancellation
 Q - a potion of lignification
Miscellaneous
 f - a lightning rod (4/4)
 E - a phial of floods
 M - a box of beasts
 Y - a condenser vane


   Skills:
 - Level 12.0 Fighting
 - Level 12.0 Long Blades
 - Level 18.0 Ranged Weapons
 * Level 13.6 Dodging
 - Level 4.0 Stealth
 - Level 4.0 Shields
 - Level 1.0 Spellcasting
 - Level 1.0 Transmutations


You had 14 spell levels left.
You knew the following spells:

 Your Spells              Type           Power      Damage    Failure   Level
e - Wereblood             Tmut           2%         N/A       38%         2

Your spell library contained the following spells:

 Spells                   Type           Power      Damage    Failure   Level
 Beastly Appendage        Tmut           4%         N/A       26%         1
 Magic Dart               Conj           0%         1d3       38%         1
 Call Imp                 Summ           0%         N/A       52%         2
 Spider Form              Tmut/Pois      1%         N/A       69%         3
 Call Canine Familiar     Summ           0%         N/A       77%         3
 Dazzling Flash           Conj/Hex       0%         N/A       77%         3
 Frozen Ramparts          Ice            0%         1d1       77%         3
 Hailstorm                Conj/Ice       0%         3d3       77%         3
 Kindle Blastsparks       Fire/Tloc/Air  0%         2d10      77%         3
 Mephitic Cloud           Conj/Pois/Air  0%         N/A       77%         3
 Portal Projectile        Hex/Tloc       0%         N/A       77%         3
 Stone Arrow              Conj/Erth      0%         3d7       77%         3
 Summon Guardian Golem    Hex/Summ       0%         N/A       77%         3
 Ice Form                 Ice/Tmut       1%         N/A       97%         4
 Animate Armour           Summ/Erth      0%         N/A       99%         4
 Fulminant Prism          Conj/Hex       0%         3d5       99%         4
 Iskenderun's Mystic Bla  Conj/Tloc      0%         2d3       99%         4
 Leda's Liquefaction      Hex/Erth       0%         N/A       99%         4
 Summon Ice Beast         Ice/Summ       0%         N/A       99%         4
 Arcjolt                  Conj/Air       0%         1d10      100%        5
 Lee's Rapid Deconstruct  Erth           0%         3d4*      100%        5
 Summon Mana Viper        Hex/Summ       0%         N/A       100%        5
 Dispersal                Tloc           0%         N/A       100%        6
 Starburst                Conj/Fire      0%         6d3       100%        6
 Monstrous Menagerie      Summ           0%         N/A       100%        7
 Orb of Destruction       Conj           0%         9d5       100%        7
 Spellforged Servitor     Conj/Summ      0%         N/A       100%        7
 Lehudib's Crystal Spear  Conj/Erth      0%         10d2      100%        8


Dungeon Overview and Level Annotations

Branches:
Dungeon (12/15)            Temple (1/1) D:6            Lair (5/5) D:11
  Swamp (2/4) Lair:3       Spider (2/4) Lair:2        Slime (0/5) Lair:4
    Orc (2/2) D:12            Elf (0/3) Orc:2        Bailey (visited)
  IceCv (visited)         Gauntlet (visited)

Shops:
D:3 (*(!   D:6 *   D:10 *   Orc:2 (![*


Innate Abilities, Weirdness & Mutations

You have an increased reservoir of magic. (+10% MP)
You shall have no god before yourself.
Your divine heritage dramatically boosts your attributes as you level up.


Message History

The wolf spider bites you but does no damage.
You feel protected.
The jumping spider leaps!
The jumping spider pounces on you but does no damage.
The jumping spider bites you but does no damage.
The wolf spider hits you!
* * * LOW HITPOINT WARNING * * *
The wolf spider barely misses you. The jumping spider misses you.
The jumping spider bites you but does no damage.
The jumping spider misses you. x2; The wolf spider hits you!
* * * LOW HITPOINT WARNING * * *
The wolf spider bites you.
* * * LOW HITPOINT WARNING * * *
Okay, then.
As you read the scroll of teleportation, it crumbles to dust.
You feel strangely unstable. The jumping spider misses you.
The jumping spider barely misses you. The jumping spider closely misses you.
The jumping spider bites you.
* * * LOW HITPOINT WARNING * * *
The wolf spider closely misses you.
The wolf spider bites you but does no damage.
The jumping spider barely misses you. The jumping spider bites you.
* * * LOW HITPOINT WARNING * * *
The jumping spider closely misses you. x2; The wolf spider closely misses you.
The wolf spider bites you!
* * * LOW HITPOINT WARNING * * *
The torpor snail closely misses you.
The jumping spider pounces on you but does no damage.
The jumping spider misses you.
You feel better. The wolf spider hits you.
* * * LOW HITPOINT WARNING * * *
The wolf spider bites you.
* * * LOW HITPOINT WARNING * * *
The jumping spider barely misses you. The jumping spider misses you. x2
The jumping spider bites you.
* * * LOW HITPOINT WARNING * * *
The wolf spider barely misses you. x2
The jumping spider completely misses you. x2
The torpor snail bites you!
You die...

#...#..#... #..^.....#.
###### ###...#....
##....# #.##.#...
#.....## ####..#.#
###...#.# #.^#.##
.#.##.!.#..##########..#
...†..wsss..[..^......#.
.##./s@#.#...##.^#...#.
##################..#
#....#.....#... ##.#.
#.....(........ #....
#....#..##.... #....
#..##...# # ##.## ## #..
##.## #..#. #. #.. #)..#
#..#. ##..## ##..# #....


You could see a torpor snail, a wolf spider (soul bound) and 3 jumping spiders.

Vanquished Creatures
  Donald (Spider:1)
  An emperor scorpion (Lair:2)
  A draconian knight (IceCv)
  2 ghost moths (Spider:1)
  A quicksilver ooze (Lair:5)
  2 broodmothers
  3 bunyips
  An eleionoma (Swamp:1)
  A minotaur (Gauntlet)
  5 white draconians (IceCv)
  Snorg (D:12)
  The ghost of Ryskou the Protected, a journeyman DsFi of Makhleb (Lair:3)
  A fire dragon (Spider:1)
  2 entropy weavers (Spider:2)
  Josephine (D:12)
  7 hydras
  An ice dragon (Spider:1)
  A jorogumo (Spider:1)
  A catoblepas (Lair:1)
  3 ghost crabs (Swamp:1)
  2 two-headed ogres
  A centaur warrior (D:9)
  An alligator (Swamp:2)
  5 boulder beetles
  A dancing weapon (Lair:3)
  Sonja (D:11)
  An orc high priest (Orc:2)
  A fire crab (shapeshifter) (D:12)
  Urug (Lair:3)
  Amaemon (D:11)
  3 pharaoh ants
  3 skeletal warriors (D:12)
  2 goliath frogs (Swamp:1)
  10 orb spiders
  2 swamp dragons
  A spriggan druid (Swamp:1)
  An obsidian statue (Gauntlet)
  An orange crystal statue (IceCv)
  4 bog bodies
  Pikel (D:5)
  An orc knight (Orc:1)
  A deep elf pyromancer (D:12)
  12 wolf spiders
  3 ugly things
  2 oklob plants (Lair:4)
  A shining eye (Gauntlet)
  6 orc sorcerers
  A manticore (D:11)
  13 elephants
  8 black mambas
  4 moths of wrath
  A demonic crawler (Spider:1)
  A black mamba (shapeshifter) (D:9)
  An ice statue (Gauntlet)
  3 torpor snails
  An orange demon (D:11)
  3 storm dragon simulacra (IceCv)
  10 cane toads
  3 gargoyles
  Psyche (D:11)
  3 rime drakes
  7 komodo dragons
  6 golden dragon simulacra (IceCv)
  5 trolls
  10 tarantellas
  7 hornets
  5 polar bears
  A meliai (D:9)
  6 tyrant leeches
  5 dream sheep
  Sigmund (D:4)
  4 slime creatures (Lair:5)
  21 jumping spiders
  16 spriggans
  A shadow (D:10)
  6 wraiths
  2 vampires
  8 culicivoras
  49 yaks
  Grum (Lair:1)
  6 basilisks
  5 wyverns
  A golden eye (Gauntlet)
  35 redbacks
  A steam dragon (D:9)
  3 wargs
  14 swamp worms
  An acid dragon (D:8)
  5 vampire mosquitoes
  13 water moccasins
  A swamp drake (Swamp:1)
  Duvessa (D:7)
  22 orc warriors
  A sky beast (D:6)
  3 ice beasts
  5 ice dragon simulacra (IceCv)
  21 wolves
  8 black bears
  7 ogres
  2 lemures
  5 centaurs
  3 boggarts (Lair:5)
  A phantom (D:6)
  Blork the orc (D:5)
  2 kobold brigands
  15 bullfrogs
  3 necrophages
  2 gnoll sergeants
  4 scorpions
  Dowan (D:7)
  27 wights
  7 lindwurm simulacra (IceCv)
  5 killer bees (D:9)
  8 vampire bats (Bailey)
  8 howler monkeys
  6 wolf zombies (Bailey)
  An electric eel (Lair:1)
  6 crimson imps (D:11)
  6 jellies
  9 hounds
  2 gnoll boudas
  21 orc priests
  6 iguanas
  41 orc wizards
  Robin (D:4)
  18 gnolls
  15 adders
  3 shadow imps
  A howler monkey simulacrum (D:9)
  4 white imps
  3 worms
  3 dart slugs
  69 orcs
  3 ball pythons
  9 endoplasms
  4 giant cockroaches
  16 goblins
  6 hobgoblins
  5 quokkas
  5 bats
  4 frilled lizards
  13 kobolds
  18 orc zombies (Bailey)
  4 rats
869 creatures vanquished.

Vanquished Creatures (others)
  An orc wizard (D:5)
  44 fungi
  34 plants
79 creatures vanquished.

Grand Total: 948 creatures vanquished

Notes
Turn   | Place    | Note
-------+----------+-------------------------------------------
     0 | D:1      | avis the Demigod Hunter began the quest for the Orb.
     0 | D:1      | Reached XP level 1. HP: 17/17 MP: 3/3
   162 | D:1      | Reached skill level 4 in Ranged Weapons
   185 | D:1      | Reached XP level 2. HP: 24/24 MP: 4/4
   836 | D:2      | Reached XP level 3. HP: 20/31 MP: 5/5
  1530 | D:3      | Found Baur's Distillery.
  1602 | D:3      | Reached XP level 4. HP: 38/38 MP: 6/6
  1663 | D:3      | Found Neryrgh Genle's Weapon Shoppe.
  1717 | D:3      | Noticed an ogre
  1718 | D:3      | Found Poemopij's General Store.
  1726 | D:3      | Killed an ogre
  1727 | D:3      | Reached skill level 5 in Ranged Weapons
  1727 | D:3      | Reached XP level 5. HP: 21/45 MP: 7/7
  2127 | D:3      | Found Gofaptol's Weapon Emporium.
  2323 | D:4      | Noticed Sigmund
  2459 | D:4      | Noticed Robin
  2462 | D:4      | Killed Robin
  2486 | D:4      | Reached skill level 6 in Ranged Weapons
  2585 | D:4      | Killed Sigmund
  2586 | D:4      | Reached XP level 6. HP: 44/52 MP: 8/8
  3163 | D:5      | Entered Level 5 of the Dungeon
  3257 | D:5      | Noticed a yak
  3278 | D:5      | Reached skill level 7 in Ranged Weapons
  3320 | D:5      | Noticed Blork the orc
  3390 | D:5      | HP: 1/52 [Blork the orc/+0 flail (7)]
  3622 | D:5      | Reached XP level 7. HP: 54/59 MP: 9/9
  3737 | D:5      | Reached skill level 8 in Ranged Weapons
  4100 | D:5      | Learned a level 2 spell: Wereblood
  4198 | D:5      | Reached skill level 5 in Fighting
  4222 | D:5      | Reached XP level 8. HP: 68/68 MP: 7/10
  4259 | D:5      | Reached skill level 9 in Ranged Weapons
  4617 | D:5      | Noticed Pikel
  4636 | D:5      | Killed Pikel
  4637 | D:5      | Reached skill level 10 in Ranged Weapons
  4643 | D:5      | Killed Blork the orc
  5298 | D:6      | Found Ofajoyf's Fire Supplies.
  5396 | D:6      | Identified the +0 buckler "Wenupeuq" {Str+4 Int+4}
  5428 | D:5      | Reached XP level 9. HP: 42/71 MP: 11/11
  5773 | D:6      | Found a staircase to the Ecumenical Temple.
  5782 | Temple   | Entered the Ecumenical Temple
  6324 | D:6      | Reached skill level 5 in Dodging
  7308 | D:7      | Reached XP level 10. HP: 90/90 MP: 13/13
  7595 | D:3      | Bought the +3 greatsling "Punk" {acid, rCorr} for 375 gold
                  | pieces
  7595 | D:3      | Found the +3 greatsling "Punk" {acid, rCorr}
  7775 | D:7      | Noticed Dowan
  7778 | D:7      | Noticed Duvessa
  7779 | D:7      | Killed Dowan
  7786 | D:7      | Killed Duvessa
  7787 | D:7      | Reached skill level 1 in Shields
  8443 | D:8      | Got Moac's Essays on Wild Peregrination
  8525 | D:8      | Identified the +7 hand axe of Havoc {flame, Will+ Int+6
                  | Dex-3 Stlth+}
  9077 | D:8      | Identified the +4 ring mail of Impatience {rC+}
  9293 | D:3      | Bought a potion of degeneration for 10 gold pieces
  9531 | D:9      | Found a flagged portal.
  9553 | Bailey   | Entered a bailey
  9776 | Bailey   | Found the +18 shield of the Gong {Loud rElec rN+ Will+
                  | EV-5}
 10229 | D:9      | Reached skill level 10 in Fighting
 10249 | D:9      | Noticed a two-headed ogre
 10254 | D:9      | Killed a two-headed ogre
 10255 | D:9      | Reached XP level 11. HP: 94/99 MP: 14/14
 10269 | D:9      | Noticed a boulder beetle
 10285 | D:9      | Killed a boulder beetle
 10495 | D:9      | Reached skill level 10 in Dodging
 10495 | D:9      | Reached skill level 1 in Stealth
 10691 | D:9      | Noticed a centaur warrior
 10695 | D:9      | Killed a centaur warrior
 10706 | D:9      | Noticed a seven-headed hydra
 10723 | D:9      | Killed a seven-headed hydra
 10859 | D:9      | Reached skill level 11 in Ranged Weapons
 11500 | Temple   | Upgraded the game from 0.30-a0-739-gea05faddec to
                  | 0.30-a0-743-gbfdf073431
 11611 | D:10     | Entered Level 10 of the Dungeon
 11622 | D:10     | Identified the +11 falchion "Zielyunn" {chaos, rPois SInv}
 11656 | D:10     | Found Gookueb's Assorted Antiques.
 12304 | D:11     | Noticed a two-headed ogre
 12315 | D:10     | Killed a two-headed ogre
 12384 | D:10     | Reached skill level 12 in Ranged Weapons
 12560 | D:11     | Reached XP level 12. HP: 106/106 MP: 15/15
 12741 | D:11     | Noticed a boulder beetle
 12749 | D:11     | Killed a boulder beetle
 12780 | D:11     | Found a staircase to the Lair.
 12858 | Lair:1   | Entered Level 1 of the Lair of Beasts
 12947 | D:11     | Noticed Amaemon
 12953 | D:11     | Killed Amaemon
 13080 | D:11     | Noticed a boulder beetle
 13088 | D:11     | Killed a boulder beetle
 13256 | D:11     | Reached skill level 1 in Spellcasting
 13284 | D:11     | Noticed Sonja
 13286 | D:11     | Noticed Psyche
 13289 | D:11     | Killed Psyche
 13290 | D:11     | Reached skill level 1 in Transmutations
 13299 | D:11     | Killed Sonja
 13899 | Lair:1   | You fall into a shaft and drop 1 floor!
 14122 | Lair:2   | Found a hole to the Spider Nest.
 14217 | Lair:1   | Noticed a catoblepas
 14223 | Lair:1   | Killed a catoblepas
 14299 | Lair:2   | Found a gate leading to a gauntlet.
 14320 | Gauntlet | Entered a Gauntlet
 14320 | Gauntlet | Found a transporter.
 14320 | Gauntlet | Found a transporter.
 14320 | Gauntlet | Found a transporter.
 14341 | Gauntlet | Found a transporter.
 14357 | Gauntlet | Found a transporter.
 14360 | Gauntlet | Found a transporter.
 14376 | Gauntlet | Found a transporter.
 14376 | Gauntlet | Found the +6 arbalest "Damnation" {damnation}
 14395 | Gauntlet | Found a transporter.
 14399 | Gauntlet | Found a transporter.
 14402 | Gauntlet | Found a transporter.
 14416 | Gauntlet | Found a transporter.
 14419 | Gauntlet | Found a transporter.
 14701 | Gauntlet | Reached skill level 1 in Long Blades
 14711 | Gauntlet | Identified the ring of Etewups {rPois rF+}
 14767 | Gauntlet | Identified the +6 shortbow "Lochoiklurph" {flame, *Corrode
                  | Str+6}
 14767 | Gauntlet | Identified the amulet of Ascent {Spirit rN+ Regen+ MP+9
                  | Dex-4}
 14767 | Gauntlet | Noticed a minotaur
 14772 | Gauntlet | Killed a minotaur
 14773 | Gauntlet | Reached XP level 13. HP: 114/118 MP: 17/17
 15106 | Lair:1   | Noticed Grum
 15116 | Lair:1   | Killed Grum
 16947 | Lair:3   | Reached skill level 13 in Ranged Weapons
 17113 | Lair:3   | Found a staircase to the Swamp.
 17232 | Lair:3   | Noticed Urug
 17249 | Lair:3   | Killed Urug
 17501 | Lair:3   | Found a runed translucent door.
 17518 | Lair:3   | Found the +15 Maxwell's patent armour {-Cast -Tele rElec
                  | Will+ rCorr}
 17518 | Lair:3   | Noticed Ryskou's ghost (journeyman DsFi)
 17931 | Lair:4   | Found a staircase to the Slime Pits.
 18018 | Lair:4   | Reached skill level 14 in Ranged Weapons
 18892 | Lair:5   | Entered Level 5 of the Lair of Beasts
 18909 | Lair:5   | Reached skill level 5 in Long Blades
 19036 | Lair:5   | Identified the +5 scale mail of Qyite {Will- Int+4}
 19360 | Lair:5   | Reached XP level 14. HP: 126/126 MP: 19/19
 20216 | Lair:5   | Identified the +6 ring mail of Fedhas's Supremacy {Harm}
 20835 | Lair:3   | Killed Ryskou's ghost
 20960 | Lair:3   | Identified the +0 leather armour of the Dice {rN+ Str+2}
 21191 | D:12     | Noticed Snorg
 21198 | D:12     | Killed Snorg
 21467 | D:12     | Noticed Josephine
 21470 | D:12     | Killed Josephine
 21471 | D:12     | Reached skill level 15 in Ranged Weapons
 21689 | D:12     | Found a staircase to the Orcish Mines.
 22130 | Orc:1    | Entered Level 1 of the Orcish Mines
 22618 | Orc:2    | Entered Level 2 of the Orcish Mines
 24302 | Orc:2    | Found a staircase to the Elven Halls.
 24436 | Orc:2    | Found Egeta's Distillery.
 24436 | Orc:2    | Found Eminnycw's Weapon Boutique.
 24437 | Orc:2    | Found Hikhlu Cuf's Antique Armour Shop.
 24440 | Orc:2    | Found Call's Assorted Antiques.
 24792 | Orc:2    | Bought a scroll labelled FOSUEWI GOSMU for 27 gold pieces
 24792 | Orc:2    | Bought a scroll labelled FOSUEWI GOSMU for 27 gold pieces
 24792 | Orc:2    | Bought a potion of heal wounds for 135 gold pieces
 24792 | Orc:2    | Bought a scroll of teleportation for 81 gold pieces
 24841 | Orc:2    | Bought a potion of heal wounds for 50 gold pieces
 24841 | Orc:2    | Bought a potion of heal wounds for 50 gold pieces
 24841 | Orc:2    | Bought a potion of heal wounds for 50 gold pieces
 24876 | Orc:2    | Bought a potion of resistance for 100 gold pieces
 24876 | Orc:2    | Bought a potion of resistance for 100 gold pieces
 25018 | Spider:1 | Entered Level 1 of the Spider Nest
 25032 | Lair:2   | Reached skill level 16 in Ranged Weapons
 25172 | Spider:1 | Noticed an emperor scorpion
 25313 | Lair:2   | Killed an emperor scorpion
 25504 | Spider:1 | Noticed a broodmother
 25516 | Spider:1 | Noticed Donald
 25527 | Spider:1 | Found a frozen archway.
 25533 | IceCv    | Entered an ice cave
 26306 | IceCv    | Noticed a white draconian knight
 26310 | IceCv    | Reached skill level 10 in Long Blades
 26330 | IceCv    | Killed a white draconian knight
 26497 | IceCv    | Identified the ring of Fimyst {rN++ Will- rCorr Int+3
                  | Stlth-}
 26499 | IceCv    | Identified the ring "Vavvaeh" {Wiz rElec Str+5}
 26503 | IceCv    | Identified the amulet of Ysuaqaom {Spirit -Tele Contam
                  | rCorr Str+7}
 26862 | Spider:1 | Killed Donald
 26932 | Spider:1 | Reached XP level 15. HP: 132/132 MP: 20/20
 28024 | Swamp:1  | Entered Level 1 of the Swamp
 28471 | Swamp:1  | Identified the +2 long sword "Cuerghan" {pain, Fragile
                  | Str+7}
 28754 | Swamp:1  | Identified 2 scrolls of acquirement
 28983 | Lair:1   | Acquired a manual of Ranged Weapons
 28985 | Lair:1   | Acquired a manual of Stealth
 29240 | Swamp:2  | Reached skill level 17 in Ranged Weapons
 30283 | Spider:1 | Reached skill level 18 in Ranged Weapons
 32463 | Spider:2 | HP: 6/132 [wolf spider (9)]
 32464 | Spider:2 | Slain by a torpor snail

Illustrated notes

Levels and vault maps discovered:
D:1:      minmay_arrival_radiant_lines, layout_loops_ring
D:2:      layout_basic, hellmonk_ecumenical_altar_zigzags
D:3:      layout_rooms, serial_shops, nicolae_shop_hallway_plus, shop, shop,
          nicolae_shop_statue_plus
D:4:      layout_gridville, general_overflow_altar,
          lemuel_coloured_pillars_altar, uniq_robin, uniq_sigmund
D:5:      minmay_clustersquares, layout_layer_cave,
          grunt_temple_overflow_diamond,
          mainiacjoe_overflow_concentric_impassable,
          mainiacjoe_overflow_brackets, uniq_pikel, uniq_blork_the_orc
D:6:      layout_gridville, minmay_temple_entry_waves,
          nicolae_concentric_dashed_squares_mild, nicolae_shop_fire_sale
          [nicolae_sub_dead_trees], nzn_random_ring
D:7:      layout_loops_corners, uniq_duvessa
D:8:      layout_basic, mainiacjoe_overflow_alcove_4, roderic_three_in_a_row,
          chequers_serial_rivers_room_b
D:9:      minmay_the_grid_octo_2x2 [minmay_the_grid_octo_checkered,
          minmay_the_grid_octo_checkerflower, minmay_the_grid_octo_toaster,
          minmay_the_grid_octo_prize_ultimate_mussel_roller],
          layout_irregular_city, enter_bailey_3
D:10:     minmay_goldmine, layout_cave_pools, fedhas_altar_1, serial_shops, shop
D:11:     layout_basic, grunt_lair_entry_orc_guard_hut, minmay_nine_imps,
          uniq_psyche, uniq_sonja, uniq_amaemon
D:12:     layout_loops_ring, david_orc_2, uniq_snorg, uniq_josephine
Temple:   oiseaux_autumnal_temple
Lair:1:   layout_cave_pods, beast_lair_carwin_4, serial_bayou_shore_a,
          grunt_megastairs_5, uniq_grum
Lair:2:   layout_chaotic_city, dummy_spider_entry, gauntlet_entry_generic
Lair:3:   layout_regular_city, minmay_swamp_entry_worms, ebering_ghost_xom,
          grunt_megastairs_4, uniq_urug
Lair:4:   layout_roguey, minmay_slime_entry_oklob_open,
          infiniplex_staircase_pool_2
Lair:5:   minmay_lair_end_enchanted_forest, layout_cellular_growth,
          nicolae_lair_time_for_slime, lemuel_fruit_fields
Swamp:1:  layout_basic_swamp, serial_swamp_ruin, evilmike_swamp_ruin_rubble_1,
          evilmike_swamp_ruin_house_2, evilmike_swamp_ruin_house_4, swamp_pool1
Swamp:2:  layout_basic_swamp, evilmike_swamp_ruin_house_5
Spider:1: layout_spider_delve, portal_ice_cave_entry_dragon,
          nicolae_spider_moth_buddies, uniq_donald
Spider:2: nicolae_spider_hilbert_zone_6 [nicolae_spider_hilbert_4_sides_1_open,
          nicolae_spider_hilbert_4_sides_1_open,
          nicolae_spider_hilbert_4_sides_1_open,
          nicolae_spider_hilbert_4_sides_1_open,
          nicolae_spider_hilbert_4_sides_1_open,
          nicolae_spider_hilbert_4_sides_1_open,
          nicolae_spider_hilbert_4_sides_1_open]
Orc:1:    layout_caves
Orc:2:    st_orc_mages, layout_caves, lightli_orcish_oven

Skill      XL: |  1  2  3  4  5  6  7  8  9 10 11 12 13 14 15 |
---------------+----------------------------------------------+-----
Fighting       | 2 3 4 5 6 8 10 12 | 12.0
Ranged Weapons | 4 5 6 7 8 10 12 14 16 18 | 18.0
Dodging        | 2 6 8 10 12 13 | 13.6
Shields        | 4 |  4.0
Stealth        | 4 |  4.0
Spellcasting   | 1 |  1.0
Transmutations | 1 |  1.0
Long Blades    | 2 7 10 12 | 12.0

Action                     |  1- 3 |  4- 6 |  7- 9 | 10-12 | 13-15 || total
---------------------------+-------+-------+-------+-------+-------++-------
  Melee: Dagger            |       |    61 |       |       |       ||    61
         Unarmed           |       |    27 |     1 |       |       ||    28
         Punch             |       |     1 |       |       |     4 ||     5
         Rapier            |       |       |    20 |       |       ||    20
         Falchion          |       |       |       |       |    43 ||    43
         Demon blade       |       |       |       |       |   101 ||   101
   Fire: Shortbow          |   112 |   122 |   400 |    13 |       ||   647
         Greatsling        |       |       |       |   681 |   344 ||  1025
         Arbalest          |       |       |       |     3 |   634 ||   637
   Cast: Wereblood         |       |       |     2 |       |       ||     2
  Evoke: Wand              |       |     1 |       |       |     3 ||     4
    Use: Scroll            |       |       |     7 |    15 |    19 ||    41
         Potion            |       |       |     3 |     2 |    13 ||    18
   Stab: Invisible         |       |       |       |       |     1 ||     1
 Armour: Leather armour    |     5 |    27 |       |       |       ||    32
         Robe              |       |       |    55 |    25 |       ||    80
         Troll leather arm |       |       |       |     7 |   137 ||   144
  Dodge: Dodged            |    27 |   108 |   254 |   297 |  1282 ||  1968
  Block: Buckler           |       |       |       |   122 |       ||   122
         Reflection        |       |       |       |     5 |       ||     5

Table legend: (Time is in decaauts)
 A = Elapsed time spent in this place.
 B = Non-inter-level travel time spent in this place.
 C = Inter-level travel time spent in this place.
 D = Time resting spent in this place.
 E = Time spent auto-exploring this place.
 F = Levels seen in this place.
 G = Mean time per level.
                   A        B        C        D        E       F      G
               +--------+--------+--------+--------+--------+-----+--------+
         Total |  32587 |  26859 |   5728 |   7274 |  11057 |  27 | 1206.9 |
       Dungeon |  15487 |  12172 |   3315 |   1887 |   6470 |  12 | 1290.6 |
        Temple |     66 |     56 |     10 |      0 |      0 |   1 |   66.0 |
          Lair |   7260 |   5486 |   1774 |    849 |   2813 |   5 | 1452.0 |
         Swamp |   1868 |   1687 |    181 |    591 |    677 |   2 |  934.0 |
   Spider Nest |   3672 |   3485 |    187 |   2203 |    446 |   2 | 1836.0 |
  Orcish Mines |   2400 |   2141 |    259 |   1101 |    650 |   2 | 1200.0 |
        Bailey |    337 |    337 |      0 |      0 |      0 |   1 |  337.0 |
      Ice Cave |   1034 |   1034 |      0 |    628 |      0 |   1 | 1034.0 |
      Gauntlet |    460 |    460 |      0 |     14 |      0 |   1 |  460.0 |
               +--------+--------+--------+--------+--------+-----+--------+

Top non-repeatable levels by time:
Spider:1: 2199 daAuts
     D:6: 1979 daAuts
     D:5: 1888 daAuts
   Orc:2: 1739 daAuts
  Lair:5: 1670 daAuts
    D:11: 1650 daAuts
  Lair:2: 1628 daAuts
  Lair:1: 1611 daAuts
  Lair:3: 1594 daAuts
     D:9: 1549 daAuts
     D:7: 1540 daAuts
Spider:2: 1472 daAuts
     D:4: 1190 daAuts
    D:12: 1148 daAuts
   IceCv: 1034 daAuts
